 Dungeon Crawl Stone Soup version 0.31.0-11-ge490571c62 (webtiles) character file.

Game seed: 5011520868213392243

67 protoss039 the Digger (level 3, -2/27 HPs)
             Began as a Demonspawn Earth Elementalist on Jan 28, 2024.
             Slain by Grinder (7 damage)
             ... on level 3 of the Dungeon.
             The game lasted 00:04:07 (2121 turns).

protoss039 the Digger (DsEE)                        Turns: 2121, Time: 00:04:07

Health: -2/27      AC:  6    Str:  8    XL:     3   Next: 98%
Magic:  7/7        EV: 10    Int: 17    God:
Gold:   87         SH:  0    Dex: 13    Spells: 0/7 levels left

rFire   . . .        v - +2 trident (heavy)
rCold   . . .        (no shield)
rNeg    . . .        p - +0 ring mail
rPois   .            (helmet restricted)
rElec   .            n - +0 cloak
rCorr   .            (no gloves)
SInv    .            (no boots)
Will    .....        (no amulet)
Stlth   +            (no ring)
HPRegen 0.24/turn    (no ring)
MPRegen 0.10/turn

%: no passive effects
@: no status effects
A: horns 1
a: no special abilities


You were on level 3 of the Dungeon.
You visited 1 branch of the dungeon, and saw 3 of its levels.

You collected 87 gold pieces.

Inventory:

Hand Weapons
 e - a +0 dagger
 v - a +2 heavy trident (weapon)
Armour
 a - a +0 robe
 n - a +0 cloak (worn)
 p - a +0 ring mail (worn)
Scrolls
 c - a scroll of fear
 f - a scroll of fog
 h - a scroll of identify
 i - a scroll of enchant armour {unknown}
 l - a scroll of blinking {unknown}
 m - 2 scrolls of teleportation
 o - a scroll of torment {unknown}
 q - a scroll of noise {unknown}
 t - a scroll of revelation {unknown}
Potions
 b - a potion of magic
 d - a potion of degeneration {unknown}
 g - 2 potions of lignification
 j - 2 potions of enlightenment
 k - a potion of curing {unknown}
 r - a potion of attraction {unknown}
 s - a potion of might {unknown}
 u - 2 potions of heal wounds


   Skills:
 + Level 2.0 Fighting
 - Level 1.7 Dodging
 - Level 1.7 Stealth
 + Level 2.7 Spellcasting
 * Level 1.1 Conjurations
 + Level 3.3 Earth Magic


You couldn't memorise any spells.
You knew the following spells:

 Your Spells              Type           Power      Damage    Failure   Level
a - Sandblast             Erth           26%        2d8       14%         1
b - Passwall              Erth           13%        N/A       38%         3
c - Stone Arrow           Conj/Erth      18%        3d8       56%         3

Your spell library contained the following spells:

 Spells                   Type           Power      Damage    Failure   Level
 Freeze                   Ice            8%         1d3       50%         1
 Momentum Strike          Conj/Tloc      8%         3d8       56%         2
 Blink                    Tloc           4%         N/A       63%         2
 Lesser Beckoning         Tloc           4%         N/A       63%         2
 Hailstorm                Conj/Ice       4%         3d5       80%         3
 Frozen Ramparts          Ice            4%         1d1       86%         3
 Brom's Barrelling Bould  Conj/Erth      9%         2d3       92%         4
 Petrify                  Alch/Erth      8%         N/A       95%         4
 Iskenderun's Battlesphe  Conj           6%         2d6       100%        5
 Bombard                  Conj/Erth      4%         9d2       100%        6
 Spellforged Servitor     Conj/Summ      2%         N/A       100%        7


Dungeon Overview and Level Annotations

Branches:
Dungeon (3/15)

Altars:

Shops:
D:1 **[

Annotations:
D:3 Grinder


Innate Abilities, Weirdness & Mutations

You have a pair of small horns on your head.


Message History

You suddenly lose the ability to move!
Grinder gestures at you.
You shrug off the repeated paralysis!
Grinder gestures at you.
You shrug off the repeated paralysis!
Grinder hits you!
You writhe in agony.
You can move again.
You hit Grinder.
Grinder is lightly wounded.
Grinder hits you.
Unknown command.
You are too injured to fight recklessly!
Unknown command.
You are too injured to fight recklessly!
Unknown command.
You are too injured to fight recklessly!
Unknown command.
Casting: Stone Arrow (astonishingly dangerous; 56% risk of failure)
Confirm with . or Enter, or press ? or * to list all spells.
Aiming: Stone Arrow (astonishingly dangerous; 56% risk of failure)
Press: ? - help, Shift-Dir - straight line, f/p - Grinder
Aim: Grinder (lightly wounded, 60% to hit)
Okay, then.
You are too injured to fight recklessly!
Unknown command.
You hit Grinder but do no damage.
Grinder is lightly wounded.
Grinder barely misses you. Grinder hits you but does no damage.
Unknown command.
Reach: v) +2 trident (heavy)
Press: ? - help, Dir - move target, f/p - Grinder
Aim: Grinder (lightly wounded, about 45% to evade your +2 heavy trident)
You puncture Grinder!
Grinder is heavily wounded.
Grinder gestures at you. Pain shoots through your body!
* * * LOW HITPOINT WARNING * * *
Grinder hits you!
You die...
Grinder sighs, "Dead already?
I want a refund."

#.# #.#
# #..
#...(
.#.#
..###.#
#.5...#
#@# #.#
...
##.##
#.# #!#
#.. ###


You could see Grinder.

Vanquished Creatures
  3 dart slugs (D:2)
  2 ribbon worms (D:2)
  4 orcs (D:2)
  3 endoplasms
  A giant cockroach (D:2)
  5 goblins
  5 hobgoblins
  6 quokkas
  3 ball pythons
  5 bats (D:2)
  6 frilled lizards
  4 kobolds (D:1)
  5 rats
52 creatures vanquished.

Notes
Turn   | Place    | Note
-------+----------+-------------------------------------------
     0 | D:1      | protoss039 the Demonspawn Earth Elementalist began the
                  | quest for the Orb.
     0 | D:1      | Reached XP level 1. HP: 13/13 MP: 3/3
    16 | D:1      | Found Sokkum's General Store.
   214 | D:1      | Gained mutation: You have a pair of small horns on your
                  | head. [demonic ancestry]
   214 | D:1      | Reached XP level 2. HP: 20/20 MP: 3/5
   319 | D:1      | Found Ebrapnab's General Store.
   320 | D:1      | Found Pulegikh's Antique Armour Boutique.
   399 | D:1      | Reached skill level 1 in Fighting
   505 | D:1      | Reached skill level 3 in Earth Magic
  1372 | D:2      | Reached XP level 3. HP: 19/26 MP: 0/6
  1812 | D:2      | Learned a level 3 spell: Stone Arrow
  2107 | D:2      | Learned a level 3 spell: Passwall
  2114 | D:3      | Noticed Grinder
  2115 | D:3      | Paralysed by Grinder for 5 turns
  2121 | D:3      | Slain by Grinder

Illustrated notes

Levels and vault maps discovered:
D:1:      mrwooster_arrival_statue_2, layout_basic, serial_shops, shop, shop,
          shop_fountains, serial_bayou_crossing
D:2:      layout_basic, minmay_quadrilaterals
D:3:      layout_basic, chequers_temple_overflow_statue_of_worship,
          serial_shops, shop, nicolae_shop_gibbet_a_chance,
          nicolae_shop_tiny_real_fake_doors, uniq_crazy_yiuf_cottage,
          uniq_grinder

Skill      XL: |  1  2  3 |
---------------+----------+-----
Fighting       | 1 2 |  2.0
Earth Magic    | 3 |  3.3
Dodging        | |  1.7
Stealth        | |  1.7
Spellcasting   | |  2.7
Conjurations   | |  1.1

Action                     || total
---------------------------++-------
  Melee: Dagger            ||    19
         Headbutt          ||     6
         Trident           ||     8
   Cast: Sandblast         ||    63
         Stone Arrow       ||     1
    Use: Scroll            ||     6
   Stab: Sleeping          ||     1
 Armour: Ring mail         ||    35
         Robe              ||     4
  Dodge: Dodged            ||    37
